 Dungeon Crawl Stone Soup version 0.20-a0-492-g6327889 (webtiles) character file.

1882 Klosterheim the Carver (level 8, -17/61 HPs)
             Began as a Demonspawn Fighter on Jan 15, 2017.
             Was a Believer of Nemelex Xobeh.
             Shot with a bolt by a yaktaur (23 damage)
             ... summoned by the player character
             ... on level 7 of the Dungeon.
             The game lasted 00:14:59 (5970 turns).

Klosterheim the Carver (Demonspawn Fighter)         Turns: 5970, Time: 00:15:01

Health: -17/61     AC: 11    Str: 20    XL:     8   Next: 92%
Magic:  8/8        EV: 13    Int:  9    God:    Nemelex Xobeh [**....]
Gold:   386        SH: 10    Dex: 17    Spells: 7/7 levels left

rFire    . . .     SeeInvis .   a - +1 long sword
rCold    . . .     Gourm    .   s - +4 ring mail
rNeg     . . .     Faith    .   c - +0 shield
rPois    .         Spirit   .   i - +0 helmet
rElec    .         Reflect  .   (no cloak)
rCorr    +         Harm     .   (no gloves)
MR       .....                  (no boots)
Stlth    ++........             E - amulet of magic regeneration
Regen    0.2/turn               (no ring)
                                m - ring of resist corrosion

@: agile
A: powered by death 1, powered by pain 1
a: Renounce Religion


You were on level 7 of the Dungeon.
You worshipped Nemelex Xobeh.
Nemelex Xobeh was pleased with you.
You were not hungry.

You visited 1 branch of the dungeon, and saw 7 of its levels.

You collected 386 gold pieces.

Inventory:

Hand Weapons
 a - a +1 long sword (weapon)
Armour
 c - a +0 shield (worn)
 i - a +0 helmet (worn)
 s - a +4 ring mail (worn)
Jewellery
 m - a ring of resist corrosion (left hand)
 t - an uncursed ring of magical power
 E - an amulet of magic regeneration (around neck)
Scrolls
 e - 5 scrolls of identify
 h - 2 scrolls of teleportation
 k - a scroll of fog
 n - 4 scrolls of fear
 q - 7 scrolls of remove curse
 r - 4 scrolls of recharging
 y - 4 scrolls of blinking
Potions
 d - 2 potions of might
 j - 3 potions of lignification
 l - 2 potions of agility
 o - 2 potions of invisibility
 u - a potion of brilliance
 A - a potion of heal wounds {unknown}
 D - 2 potions of curing
 G - a potion of haste {unknown}
Books
 z - a book of Callings

   Spells                             Type                      Level
   a - Summon Small Mammal            Summoning                    1
   b - Call Imp                       Summoning                    2
   c - Call Canine Familiar           Summoning                    3
   d - Summon Guardian Golem          Hexes/Summoning              3
   e - Summon Lightning Spire         Summoning/Air                4
   f - Summon Ice Beast               Ice/Summoning                4
 K - a book of Necromancy

   Spells                             Type                      Level
   a - Pain                           Necromancy                   1
   b - Animate Skeleton               Necromancy                   1
   c - Vampiric Draining              Necromancy                   3
   d - Regeneration                   Charms/Necromancy            3
   e - Animate Dead                   Necromancy                   4
   f - Control Undead                 Necromancy                   4
Miscellaneous
 B - a plain deck of summoning {drawn: 1}
 F - a plain deck of destruction {drawn: 1}
 J - a plain deck of escape
Comestibles
 b - 2 meat rations
 f - 8 bread rations
 g - a slice of pizza
 v - 4 fruits
 w - 2 chunks of flesh
 x - a royal jelly


   Skills:
 + Level 4.7 Fighting
 - Level 9.0 Long Blades
 + Level 4.3 Armour
 + Level 4.2 Shields


You had 7 spell levels left.
You didn't know any spells.

Dungeon Overview and Level Annotations

Branches:
Dungeon (7/15)             Temple (0/1) D:6

Altars:
Ashenzari
Elyvilon
Gozag
Nemelex Xobeh
Vehumet
Yredelemnul
Zin

Shops:
D:5 (   D:6 :


Innate Abilities, Weirdness & Mutations

You regenerate a little health from kills.
You sometimes gain a little power by taking damage.


Message History

The blast of lightning engulfs the bullfrog.
You kill the bullfrog!
The blast of lightning engulfs the ice beast.
The ice beast is moderately wounded.
The blast of lightning engulfs the orc.
You kill the orc!
The blast of lightning engulfs the orc warrior.
You kill the orc warrior!
The blast of lightning engulfs your yaktaur.
Your yaktaur is heavily wounded.
The yaktaur shouts!
The blast of lightning engulfs the troll.
The troll is almost dead.
The blast of lightning engulfs your yaktaur.
Your yaktaur is moderately wounded.
The yaktaur shouts!
You block the yaktaur's attack.
The yaktaur wields an arbalest.
The yaktaur shoots a bolt.
The bolt hits you!!
You die...
Your body glows with a rainbow of weird colours and disappears.

... #... # ....#
#....# # .....#
#.....# #
......####.....# #
........#......#### .
.......)..........####
.
....)).†c.............
.
#.....Y)T.............
.
#.......c@............
.
....###.c.............
. .. #..(............
. #............# ..
##....#......# ...
#....#.....## #..
###..##....# #..
#..##...## #..
#..##...# #..


You could see 2 yaktaurs, a troll, an ice beast and a friendly yaktaur.

Vanquished Creatures
  2 water moccasins
  An orc warrior (D:7)
  A phantom (D:7)
  A centaur (D:3)
  2 bullfrogs
  A scorpion (D:7)
  2 howler monkeys
  A centaur zombie (D:6)
  2 hounds
  A bullfrog skeleton (D:5)
  2 orc wizards (D:6)
  A centaur skeleton (D:5)
  An iguana (D:5)
  A worker ant (D:7)
  A howler monkey zombie (D:5)
  9 adders
  5 gnolls
  A shadow imp (D:6)
  3 worms
  2 dart slugs
  3 leopard geckos
  10 orcs
  8 giant cockroaches
  7 hobgoblins
  16 jackals
  3 quokkas
  A ball python (D:3)
  8 bats
  6 frilled lizards
  10 goblins
  6 kobolds
  5 rats
123 creatures vanquished.

Vanquished Creatures (collateral kills)
  Pikel (D:5)
  The ghost of Ezendos the Chiller, a novice HuIE of Dithmenos (D:5)
  Grinder (D:5)
  An ogre (D:5)
  A bullfrog (D:7)
  A hound (D:5)
  An orc priest (D:7)
  2 gnolls (D:5)
  An adder (D:5)
  2 orcs (D:7)
12 creatures vanquished.

Vanquished Creatures (others)
  A worker ant (D:5)
  An adder (D:5)
  A ball lightning (D:7)
3 creatures vanquished.

Grand Total: 138 creatures vanquished

Notes
Turn   | Place    | Note
-------+----------+-------------------------------------------
     0 | D:1      | Klosterheim the Demonspawn Fighter began the quest for the Orb.
     0 | D:1      | Reached XP level 1. HP: 18/18 MP: 1/1
    53 | D:1      | Reached skill level 2 in Long Blades
   277 | D:1      | Gained mutation: You regenerate a little health from kills. [demonic ancestry]
   277 | D:1      | Reached XP level 2. HP: 20/24 MP: 2/2
   631 | D:1      | Reached skill level 3 in Long Blades
  1158 | D:2      | Gained mutation: You sometimes gain a little power by taking damage. [demonic ancestry]
  1158 | D:2      | Reached XP level 3. HP: 29/29 MP: 3/3
  1808 | D:3      | Reached XP level 4. HP: 35/35 MP: 4/4
  1812 | D:3      | Reached skill level 4 in Long Blades
  2077 | D:3      | Found an opulent altar of Gozag.
  2078 | D:3      | Found a glowing silver altar of Zin.
  2142 | D:3      | Reached XP level 5. HP: 41/41 MP: 5/5
  2288 | D:3      | Noticed a centaur
  2297 | D:3      | Killed a centaur
  2297 | D:3      | Reached skill level 5 in Long Blades
  2831 | D:4      | Reached XP level 6. HP: 43/47 MP: 6/6
  3036 | D:4      | Found a radiant altar of Vehumet.
  3036 | D:4      | Found a white marble altar of Elyvilon.
  3037 | D:4      | Found a sparkling altar of Nemelex Xobeh.
  3044 | D:4      | Became a worshipper of Nemelex Xobeh the Trickster
  3130 | D:4      | Received a gift from Nemelex Xobeh
  3366 | D:4      | Found a shattered altar of Ashenzari.
  3384 | D:4      | Received a gift from Nemelex Xobeh
  3425 | D:4      | Reached * piety under Nemelex Xobeh
  3750 | D:5      | Entered Level 5 of the Dungeon
  3829 | D:5      | Found Cexastrae's Antique Weapon Shoppe.
  3847 | D:5      | Noticed Ezendos's ghost (novice HuIE)
  3859 | D:5      | Noticed a water moccasin
  3873 | D:5      | Killed Ezendos's ghost
  3873 | D:5      | Reached skill level 6 in Long Blades
  3876 | D:5      | Noticed Grinder
  3892 | D:5      | Killed a water moccasin
  3892 | D:5      | Reached skill level 7 in Long Blades
  3892 | D:5      | Reached XP level 7. HP: 12/52 MP: 7/7
  4012 | D:5      | Killed Grinder
  4120 | D:5      | Noticed Pikel
  4139 | D:5      | Killed Pikel
  4139 | D:5      | Reached skill level 8 in Long Blades
  4148 | D:5      | Reached XP level 8. HP: 29/58 MP: 8/8
  4612 | D:5      | Reached skill level 9 in Long Blades
  4754 | D:5      | Received a gift from Nemelex Xobeh
  4946 | D:6      | Found Coucval's Book Boutique.
  5117 | D:6      | Reached ** piety under Nemelex Xobeh
  5252 | D:6      | Found a staircase to the Ecumenical Temple.
  5324 | D:6      | Found a basalt altar of Yredelemnul.
  5402 | D:6      | Got an ichor-stained hand axe
  5403 | D:6      | Identified the +7 hand axe of Miunuam {chop, rElec} (You found it on level 6 of the Dungeon)
  5430 | D:6      | Received a gift from Nemelex Xobeh
  5958 | D:7      | Noticed a troll
  5970 | D:7      | Shot with a bolt by a yaktaur

Vault maps used:
D:1:      minmay_arrival_semitransparent
D:3:      grunt_temple_overflow_gold_and_silver
D:4:      lemuel_doored_altar, gammafunk_temple_overflow_claw, first_bread
D:5:      serial_shops, shop, minmay_misc_feat_chi, minivault_25,
          serial_bayou_pond_b, uniq_pikel, uniq_grinder
D:6:      serial_shops, shop, yredelemnul_altar_generic
D:7:      grunt_temple_overflow_champion_of_chaos, kennysheep_little_box,
          the_bakery

Skill      XL: |  1  2  3  4  5  6  7  8 |
---------------+-------------------------+-----
Long Blades    | 2 3 4 5 7 8 9 |  9.0
Armour         | 4 |  4.3
Shields        | 4 |  4.2
Fighting       | 4 |  4.7

Action                   |  1- 3 |  4- 6 |  7- 9 || total
-------------------------+-------+-------+-------++-------
Melee: Long sword        |   163 |   179 |   162 ||   504
       Hand axe          |       |       |     4 ||     4
Evoke: Deck              |       |     2 |     7 ||     9
  Use: Scroll            |       |    14 |     2 ||    16
       Potion            |       |       |     1 ||     1
  Eat: Chunk             |     3 |     7 |     7 ||    17
Armor: Scale mail        |    78 |       |       ||    78
       Ring mail         |     1 |   102 |    47 ||   150
Dodge: Dodged            |    39 |    54 |    51 ||   144
Block: Shield            |    85 |    95 |    77 ||   257
       Rpst.: Long sword |    14 |    14 |    13 ||    41
